 Dungeon Crawl Stone Soup version 0.31-a0-174-g85c54bcb58 (webtiles) character file.

Game seed: 4579648117184039913

74 roflturtle the Firebug (level 4, -7/24 HPs)
             Began as a Tengu Fire Elementalist on June 15, 2023.
             Killed by an exploding orc (25 damage)
             ... ignited by their inner flame
             ... on level 4 of the Dungeon.
             The game lasted 00:06:04 (1777 turns).

roflturtle the Firebug (Tengu Fire Elementalist)    Turns: 1777, Time: 00:06:04

Health: -7/24      AC:  5    Str:  8    XL:     4   Next: 30%
Magic:  6/8        EV: 12    Int: 17    God:
Gold:   86         SH:  0    Dex: 15    Spells: 1/7 levels left

rFire   . . .        d - +0 dagger
rCold   . . .        (no shield)
rNeg    . . .        a - +0 robe
rPois   .            (helmet restricted)
rElec   .            (no cloak)
rCorr   .            h - +2 pair of gloves
SInv    .            (boots unavailable)
Will    .....        (no amulet)
Stlth   ++           (no ring)
HPRegen 0.24/turn    (no ring)
MPRegen 0.11/turn

%: no passive effects
@: no status effects
A: beak, talons 3
a: no special abilities


You were on level 4 of the Dungeon.
You visited 1 branch of the dungeon, and saw 4 of its levels.

You collected 86 gold pieces.

Inventory:

Hand Weapons
 c - a +0 mace
 d - a +0 dagger (weapon)
Armour
 a - a +0 robe (worn)
 h - a +2 pair of gloves (worn)
 j - the +1 ring mail of Light {Int+4}
   (You found it on level 2 of the Dungeon)

   Int:       It affects your intelligence (+4).
Scrolls
 g - a scroll of fear {unknown}
 i - a scroll of identify {unknown}
Potions
 b - a potion of magic
 e - a potion of degeneration {unknown}
 f - 2 potions of curing {unknown}
 k - a potion of enlightenment {unknown}


   Skills:
 - Level 2.1 Dodging
 - Level 2.0 Stealth
 - Level 2.0 Spellcasting
 - Level 3.0 Conjurations
 + Level 5.0 Fire Magic


You had one spell level left.
You knew the following spells:

 Your Spells              Type           Power      Damage    Failure   Level
a - Foxfire               Conj/Fire      60%        2x1d7     3%          1
b - Scorch                Fire           36%        2d7       3%          2
c - Inner Flame           Hex/Fire       10%        N/A       21%         3

Your spell library contained the following spells:

 Spells                   Type           Power      Damage    Failure   Level
 Volatile Blastmotes      Fire/Tloc      20%        2d11      21%         3
 Ensorcelled Hibernation  Hex/Ice        2%         N/A       28%         2
 Passwall                 Tmut/Erth      0%         N/A       28%         2
 Flame Wave               Conj/Fire      15%        2d7       36%         4
 Frozen Ramparts          Ice            2%         1d1       50%         3
 Ozocubu's Armour         Ice            1%         N/A       50%         3
 Swiftness                Air            1%         N/A       50%         3
 Simulacrum               Ice/Necr       0%         N/A       100%        6


Dungeon Overview and Level Annotations

Branches:
Dungeon (4/15)
 Temple: D:4-7

Altars:


Innate Abilities, Weirdness & Mutations

You have a beak for a mouth.
You have claws for feet.


Message History

Magic restored.
An orc priest comes into view. It is wielding a +0 club.
Found a chain mail.
Found a stone staircase leading down.
You open the door.
An orc comes into view. It is wielding a +0 whip.
An orc comes into view. It is wielding a +0 whip.
The orc shouts! x2; You hear a shout!
An orc comes into view. It is wielding a +0 club.
A ball python comes into view.
There is an open door here.
An orc comes into view. It is wielding a +0 trident.
An orc comes into view. It is wielding a +0 hand axe.
The orc throws a boomerang.
The boomerang barely misses you.
There is an open door here.
Casting: Foxfire (safe; 3% risk of failure)
Confirm with . or Enter, or press ? or * to list all spells.
The spell is extremely dangerous to miscast (21% risk of failure)!
Continue anyway?
Uppercase [Y]es or [N]o only, please.
The spell is extremely dangerous to miscast (21% risk of failure)!
Continue anyway?
Aiming: Inner Flame (extremely dangerous; 21% risk of failure)
Press: ? - help, Dir - move target, f - orc
Aim: an orc, wielding a +0 whip and wearing a +0 leather armour (chance to affect: 76%)
The orc is filled with an inner flame.
The orc attacks as you move away! The orc barely misses you.
The orc shouts!
There is an open door here.
The orc attacks as you move away! The orc barely misses you.
The orc attacks as you move away! The orc hits you with a +0 whip.
You hit the orc but do no damage. The orc misses you.
You hit the orc but do no damage. The orc hits you with a +0 whip.
You barely miss the orc.
Flame seeps out of the orc.
You claw the orc. You peck the orc, but do no damage.
The orc is heavily wounded.
The orc is engulfed in blazing flames.
The orc explodes!
The fiery explosion engulfs the ball python!!
You kill the ball python!
The fiery explosion engulfs you!!
Ouch! That really hurt!
You die...

### ######### ..#
........######## ####.#
.......oooo§○@.# ..##.#
........######.# #.##.#
........# #.# #.##.#
#######.# #.# #.##.# #.#
#.# #.##.# #.#
#.##########....#
#.######.#.........†.###
#......................#
#######.#.......########


You could see 4 orcs.

Vanquished Creatures
  3 adders
  A dart slug (D:1)
  An orc (D:4)
  3 ball pythons
  4 bats (D:1)
  4 endoplasms
  3 giant cockroaches
  4 goblins
  4 hobgoblins (D:1)
  2 jackals
  2 quokkas
  2 frilled lizards
  5 kobolds (D:1)
  5 rats
43 creatures vanquished.

Vanquished Creatures (others)
  128 foxfires
128 creatures vanquished.

Grand Total: 171 creatures vanquished

Notes
Turn   | Place    | Note
-------+----------+-------------------------------------------
     0 | D:1      | roflturtle the Tengu Fire Elementalist began the quest for
                  | the Orb.
     0 | D:1      | Reached XP level 1. HP: 10/10 MP: 4/4
   160 | D:1      | Reached XP level 2. HP: 15/15 MP: 3/6
   197 | D:1      | Learned a level 2 spell: Scorch
   613 | D:1      | Got the Discourse on the Iceberg
   630 | D:1      | Reached XP level 3. HP: 19/19 MP: 1/7
   749 | D:1      | Reached skill level 4 in Fire Magic
  1475 | D:2      | Identified the +1 ring mail of Light {Int+4}
  1552 | D:2      | You fall into a shaft and drop 2 floors!
  1581 | D:3      | Reached XP level 4. HP: 24/24 MP: 4/8
  1586 | D:3      | Learned a level 3 spell: Inner Flame
  1656 | D:3      | Reached skill level 5 in Fire Magic
  1777 | D:4      | Killed by an exploding orc... ignited by their inner flame

Illustrated notes

Levels and vault maps discovered:
D:1:      dpeg_arrival_stone_temple_mockup, layout_basic
D:2:      layout_loops_ring, hellmonk_ecumenical_altar_run_dry,
          kennysheep_potato
D:3:      layout_rooms, mainiacjoe_overflow_tiny_flanked, minmay_quantized
D:4:      layout_basic, serial_shops, shop

Skill      XL: |  1  2  3  4 |
---------------+-------------+-----
Conjurations   | 2 3 |  3.0
Fire Magic     | 4 5 |  5.0
Dodging        | |  2.1
Stealth        | |  2.0
Spellcasting   | |  2.0

Action                     |  1- 3 |  4- 6 || total
---------------------------+-------+-------++-------
  Melee: Dagger            |     6 |     4 ||    10
         Peck              |     3 |     1 ||     4
         Kick              |     1 |     2 ||     3
   Cast: Foxfire           |    63 |    10 ||    73
         Scorch            |     2 |     1 ||     3
         Inner Flame       |       |     1 ||     1
 Armour: Robe              |     1 |     2 ||     3
  Dodge: Dodged            |     1 |    15 ||    16

Table legend: (Time is in decaauts)
 A = Elapsed time spent in this place.
 B = Non-inter-level travel time spent in this place.
 C = Inter-level travel time spent in this place.
 D = Time resting spent in this place.
 E = Time spent auto-exploring this place.
 F = Levels seen in this place.
 G = Mean time per level.
                   A        B        C        D        E       F      G
               +--------+--------+--------+--------+--------+-----+--------+
         Total |   1774 |   1728 |     46 |      0 |   1407 |   4 |  443.5 |
       Dungeon |   1774 |   1728 |     46 |      0 |   1407 |   4 |  443.5 |
               +--------+--------+--------+--------+--------+-----+--------+

Top non-repeatable levels by time:
     D:1: 1277 daAuts
     D:2: 273 daAuts
     D:4: 119 daAuts
     D:3: 104 daAuts
